 Dungeon Crawl Stone Soup version 0.31-a0-965-g8a8ce12e04 (webtiles) character file.

Game seed: 17045857147661568931

22 Maxmaps the Ruffian (level 2, -3/27 HPs)
             Began as a Naga Shapeshifter on Oct 27, 2023.
             Slain by a quokka (5 damage)
             ... on level 1 of the Dungeon.
             The game lasted 00:00:29 (761 turns).

Maxmaps the Ruffian (Naga Shapeshifter)              Turns: 761, Time: 00:00:30

Health: -3/27      AC:  1    Str: 16    XL:     2   Next: 91%
Magic:  2/2        EV:  9    Int: 10    God:
Gold:   43         SH:  0    Dex: 10    Spells: 1/1 levels left

rFire   . .          .
                       - Unarmed
rCold   . . .        (no shield)
rNeg    . . .        a - +0 animal skin
rPois   +            (helmet currently unavailable)
rElec   .            (cloak currently unavailable)
rCorr   .            (gloves currently unavailable)
SInv    +            (no barding)
Will    .....        (no amulet)
Stlth   +            (no ring)
HPRegen 0.24/turn    (no ring)
MPRegen 0.08/turn

%: no passive effects
@: beast-form, very slow
A: beast (slay +1), AC +0, large, see invisible, deformed body, poison
resistance, slowness 2, spit poison 1, naga tail 1
a: Spit Poison, Begin Untransformation


You were on level 1 of the Dungeon.
You were a hulking beast.
You visited 1 branch of the dungeon, and saw 1 of its levels.

You collected 43 gold pieces.

Inventory:

Armour
 a - a +0 animal skin (worn)
Jewellery
 e - a ring of wizardry
Talismans
 c - a beast talisman
 d - a flux talisman
Scrolls
 f - a scroll of enchant weapon {unknown}
 h - 2 scrolls of teleportation {unknown}
 i - a scroll of identify {unknown}
Potions
 b - a potion of lignification
 g - a potion of attraction {unknown}


   Skills:
 + Level 2.7 Fighting
 - Level 1.5 Dodging
 - Level 3.0 Unarmed Combat
 - Level 3.0 Shapeshifting


You had one spell level left.
You didn't know any spells.
Your spell library was empty.

Dungeon Overview and Level Annotations

Branches:
Dungeon (1/15)

Altars:


Innate Abilities, Weirdness & Mutations

You are a hulking beast.
Your limbs bulge with bestial killing power. (Slay +1)
Your serpentine skin is tough. (AC +0)
You have supernaturally acute eyesight. (SInv)
Armour fits poorly on your strangely shaped body.
Your system is resistant to poisons. (rPois)
You cover ground very slowly.
You can spit poison.
You have a snake-like lower body.


Message History

There is an open door here.
You see here a quokka skeleton.
Found a faded altar of an unknown god.
A bat comes into view.
A quokka and a kobold come into view.
The kobold shouts!
The bat hits you but does no damage.
A giant cockroach comes into view.
A goblin comes into view. It is wielding a +0 club.
There are monsters nearby!
Found 12 gold pieces.
The goblin shouts!
The bat hits you but does no damage.
There are monsters nearby!
You punch the bat!
You kill the bat!
You hit the quokka.
The quokka is severely wounded.
The quokka bites you.
You barely miss the quokka.
The quokka is severely wounded.
The giant cockroach bites you. The kobold hits you with a +0 dagger.
The quokka bites you.
You barely miss the quokka.
The quokka is severely wounded.
The giant cockroach bites you.
The quokka bites you but does no damage.
The kobold hits you with a +0 dagger. The goblin hits you with a +0 club.
The giant cockroach attacks as it pursues you!
The giant cockroach bites you. The kobold completely misses you.
The giant cockroach closely misses you. The quokka barely misses you.
The giant cockroach bites you but does no damage.
The quokka bites you. The kobold closely misses you.
The giant cockroach bites you. The quokka bites you.
* * * LOW HITPOINT WARNING * * *
The goblin hits you with a +0 club.
* * * LOW HITPOINT WARNING * * *
The quokka bites you.
You die...

#######.........######
#.........# ###
#.........# #≈≈
#########.# #≈ #.# #
#.######## #####
#......... #>...
#########..._.....
#....
.......KBh........
#....
$.......rg........
#....
..................
#....
............######
#.... ............#
#.... ............#
#.... ............#
#<... ............#
##### ............#


You could see a quokka, a giant cockroach, a goblin and a kobold.

Vanquished Creatures
  A dart slug (D:1)
  2 endoplasms (D:1)
  2 goblins (D:1)
  3 hobgoblins (D:1)
  2 kobolds (D:1)
  A quokka (D:1)
  2 ball pythons (D:1)
  2 bats (D:1)
  2 frilled lizards (D:1)
  2 rats (D:1)
19 creatures vanquished.

Notes
Turn   | Place    | Note
-------+----------+-------------------------------------------
     0 | D:1      | Maxmaps the Naga Shapeshifter began the quest for the Orb.
     0 | D:1      | Reached XP level 1. HP: 18/18 MP: 1/1
   309 | D:1      | Reached XP level 2. HP: 14/26 MP: 2/2
   749 | D:1      | Found a faded altar of an unknown god.
   761 | D:1      | Slain by a quokka

Illustrated notes

Levels and vault maps discovered:
D:1:      lemuel_arrival_river_ford, layout_basic, basic_ecumenical_altar

Skill      XL: |  1 |
---------------+----+-----
Fighting       | 2 |  2.7
Dodging        | |  1.5
Unarmed Combat | |  3.0
Shapeshifting  | |  3.0

Action                     || total
---------------------------++-------
  Melee: Unarmed           ||    52
   Stab: Sleeping          ||     1
 Armour: Animal skin       ||    46
  Dodge: Dodged            ||    20

Table legend: (Time is in decaauts)
 A = Elapsed time spent in this place.
 B = Non-inter-level travel time spent in this place.
 C = Inter-level travel time spent in this place.
 D = Time resting spent in this place.
 E = Time spent auto-exploring this place.
 F = Levels seen in this place.
 G = Mean time per level.
                   A        B        C        D        E       F      G
               +--------+--------+--------+--------+--------+-----+--------+
         Total |    930 |    926 |      4 |      0 |    796 |   1 |  930.0 |
       Dungeon |    930 |    926 |      4 |      0 |    796 |   1 |  930.0 |
               +--------+--------+--------+--------+--------+-----+--------+

Top non-repeatable levels by time:
     D:1: 930 daAuts
